 Dungeon Crawl Stone Soup version 0.25-a0-474-ga8a2ee3166 (webtiles) character file.

Game seed: 11744133853443733337, levelgen mode: deterministic

39 Lugonue the Firebug (level 3, -1/26 HPs)
             Began as a Hill Orc Fire Elementalist on Feb 6, 2020.
             Slain by a worm (7 damage)
             ... on level 2 of the Dungeon.
             The game lasted 00:02:35 (1205 turns).

Lugonue the Firebug (Hill Orc Fire Elementalist)    Turns: 1205, Time: 00:02:35

Health: -1/26      AC:  7    Str: 11    XL:     3   Next: 45%
Magic:  0/6        EV: 12    Int: 15    God:
Gold:   31         SH:  0    Dex: 11    Spells: 5/6 levels left

rFire    . . .     SeeInvis .   (no weapon)
rCold    . . .     Gourm    .   (no shield)
rNeg     . . .     Faith    .   a - +0 robe
rPois    .         Spirit   .   (no helmet)
rElec    .         Reflect  .   (no cloak)
rCorr    .         Harm     .   (no gloves)
MR       .....                  (no boots)
Stlth    ++........             (no amulet)
HPRegen  0.08/turn              c - +5 ring of protection
MPRegen  0.10/turn              (no ring)

@: very slightly contaminated
A: no striking features
a: no special abilities


You were on level 2 of the Dungeon.
You were not hungry.

You visited 1 branch of the dungeon, and saw 3 of its levels.

You collected 31 gold pieces.

Inventory:

Armour
 a - a +0 robe (worn)
Jewellery
 c - a +5 ring of protection (left hand)


   Skills:
 + Level 1.7 Dodging
 + Level 2.1 Stealth
 + Level 0.5 Unarmed Combat
 + Level 2.1 Spellcasting
 + Level 1.0 Conjurations
 + Level 3.7 Fire Magic


You had 5 spell levels left.
You knew the following spells:

 Your Spells              Type           Power        Failure   Level  Hunger
a - Foxfire               Conj/Fire      #...         9%          1    #......

Your spell library contained the following spells:

 Spells                   Type           Power        Failure   Level  Hunger
 Conjure Flame            Conj/Fire      #.......     26%         3    ###....
 Inner Flame              Hex/Fire       #.......     30%         3    ###....
 Sticky Flame             Conj/Fire      #.......     63%         4    #####..
 Fireball                 Conj/Fire      #.........   93%         5    ######.


Dungeon Overview and Level Annotations

Branches:
Dungeon (3/15)

Altars:


Message History

It was a potion of curing.
You feel better.
The hobgoblin hits you but does no damage.
You barely miss the hobgoblin.
The hobgoblin is heavily wounded.
The hobgoblin hits you but does no damage.
Casting: Foxfire (safe; 9% risk of failure)
Confirm with . or Enter, or press ? or * to list all spells.
You conjure some foxfire!
The hobgoblin barely misses you. The worm bites you!
You barely miss the hobgoblin.
The hobgoblin is moderately wounded.
The foxfire hits the worm.
The worm is lightly wounded.
The hobgoblin misses you. The hobgoblin hits you with a +0 club.
The worm bites you.
You hit the hobgoblin.
The hobgoblin is severely wounded.
The hobgoblin hits you with a +0 club.
* * * LOW HITPOINT WARNING * * *
The worm bites you!
You die...

##..# #..#?. #..#
#..### ##..#
#...####
#...#######......#
#.........)...##.#
#
......#.###..###.#
.## ......#># ##.#
#.# ...##
......#.# #.#
#w##r....#
#...#.#.## #.#
#@.gK.....
#...#....# #.#
####S..%!.
##.####..# #.#
...#. #. #..###.#
## .## #......# .
# ##.###.#.#
###.###.#.#
.....(....#
#######.###


You could see a worm, an adder, a hobgoblin, a kobold and a rat.

Vanquished Creatures
  An adder (D:2)
  2 dart slugs (D:1)
  3 goblins (D:1)
  4 hobgoblins
  4 kobolds (D:1)
  A ball python (D:1)
  3 bats
  3 frilled lizards (D:1)
  6 rats
27 creatures vanquished.

Vanquished Creatures (others)
  59 foxfires
59 creatures vanquished.

Grand Total: 86 creatures vanquished

Notes
Turn   | Place    | Note
-------+----------+-------------------------------------------
     0 | D:1      | Lugonue the Hill Orc Fire Elementalist began the quest for
                  | the Orb.
     0 | D:1      | Reached XP level 1. HP: 14/14 MP: 3/3
   179 | D:1      | Reached XP level 2. HP: 17/20 MP: 2/4
   693 | D:1      | Reached XP level 3. HP: 22/26 MP: 2/6
  1205 | D:2      | Slain by a worm

Levels and vault maps discovered:
D:1:      lightli_arrival_boilingwater, layout_loops_ring, serial_glass,
          glass_columns_a, glass_columns_a
D:2:      layout_loops_ring, first_ration, hangedman_feature_mirror,
          uniq_terence, uniq_jessica
D:3:      layout_loops_corners, nicolae_overflow_crystal_walls, serial_undead,
          serial_undead_a, serial_undead_c, serial_undead_e, serial_undead_a,
          serial_undead_c, serial_undead_e, serial_undead_b, serial_undead_a,
          serial_undead_b, serial_undead_a

Skill      XL: |  1  2 |
---------------+-------+-----
Stealth        | 2 |  2.1
Spellcasting   | 2 |  2.1
Dodging        | |  1.7
Unarmed Combat | |  0.5
Conjurations   | |  1.0
Fire Magic     | |  3.7

Action                   || total
-------------------------++-------
Melee: Unarmed           ||    47
 Cast: Foxfire           ||    38
  Use: Potion            ||     1
 Stab: Sleeping          ||     1
  Eat: Ration            ||     1
Armor: Robe              ||    22
Dodge: Dodged            ||    54

Table legend:
 A = Non-vault XP
 B = Vault XP
 C = Vault XP percentage of total XP
 D = Non-vault monster count
 E = Vault monster count
 F = Vault count percentage of total count
                 A         B        C        D         E       F
            +---------+---------+-------+---------+---------+-------
      Total |      56 |       0 |   0.0 |      27 |       0 |   0.0
            +---------+---------+-------+---------+---------+-------
        D:1 |      36 |       0 |   0.0 |      22 |       0 |   0.0
        D:2 |      20 |       0 |   0.0 |       5 |       0 |   0.0
            +---------+---------+-------+---------+---------+-------
